 Dungeon Crawl Stone Soup version 0.27-a0-705-ga0013940fb (webtiles) character file.

Game seed: 6146515412637451588

43 sleeves the Cudgeller (level 3, 0/21 HPs)
             Began as a Kobold Gladiator on Mar 22, 2021.
             Killed by nerve-wracking pain
             ... invoked by Jessica
              (11 damage)
             ... on level 2 of the Dungeon.
             The game lasted 00:01:30 (1556 turns).

sleeves the Cudgeller (Kobold Gladiator)            Turns: 1556, Time: 00:01:31

Health: 0/21       AC:  0    Str: 12    XL:     3   Next: 82%
Magic:  3/3        EV: 21    Int:  9    God:
Gold:   51         SH:  0    Dex: 21    Spells: 2/2 levels left

rFire    . . .     SeeInvis .   (weapon currently unavailable)
rCold    . . .     Faith    .   (shield currently unavailable)
rNeg     . . .     Spirit   .   (armour currently unavailable)
rPois    .         Reflect  .   (helmet currently unavailable)
rElec    .         Harm     .   (cloak currently unavailable)
rCorr    .         Rampage  .   (gloves currently unavailable)
Will     .....                  (boots currently unavailable)
Stlth    +++.......             (no amulet)
HPRegen  0.07/turn              (ring currently unavailable)
MPRegen  0.08/turn              (ring currently unavailable)

@: bat-form, flying, very quick
A: fast, flying, no casting, tiny, no large weapons, nightstalker 3
a: Stop Flying


You were on level 2 of the Dungeon.
You were a bat.
You visited 1 branch of the dungeon, and saw 2 of its levels.

You collected 51 gold pieces.

Inventory:

Hand Weapons
 a - a +0 flail (melded)
Missiles
 d - 2 throwing nets (quivered)
Armour
 c - a +0 helmet (melded)
 i - a +0 ring mail (melded)
   (You found it on level 1 of the Dungeon)
Scrolls
 e - a scroll of identify {unknown}
 f - a scroll of amnesia {unknown}
 h - a scroll of fear {unknown}
 l - a scroll of enchant armour {unknown}
Potions
 b - 2 potions of curing {unknown}
 g - a potion of invisibility {unknown}
 j - a potion of magic {unknown}
 k - a potion of heal wounds {unknown}


   Skills:
 - Level 2.1 Fighting
 + Level 4.1 Maces & Flails
 - Level 2.1 Throwing
 - Level 3.6 Dodging


You had 2 spell levels left.
You didn't know any spells.
Your spell library was empty.

Dungeon Overview and Level Annotations

Branches:
Dungeon (2/15)

Altars:
Cheibriados

Annotations:
D:2 Jessica


Innate Abilities, Weirdness & Mutations

You are a bat.
You are tiny and dextrous.
You move quickly.
You are flying.
Your equipment is almost entirely melded.
You are incapable of wielding weapons or throwing items.
You cannot cast spells.
You are small and have problems with some larger weapons.
You are completely attuned to the shadows.


Message History

Welcome, sleeves the Kobold Gladiator.
It is said that the Orb of Zot exists deep within this dungeon.
Press ? for a list of commands and other information.
Found a staircase leading out of the dungeon.
Your library has no spells.
Unknown command.
As you open the door, it creaks loudly!
There is an open door here.
e - a scroll labelled BIWKEI JOYT
Found a stone staircase leading down.
A bat comes into view.
A goblin comes into view. It is wielding a +0 club.
The helpless bat fails to defend itself.
You hit the bat.
You kill the bat!
The goblin shouts!
You see here a scroll labelled GIACUA FYIL.
The goblin closely misses you.
You thump the goblin!
You kill the goblin!
No target in view!
No target in view!
No target in view!
f - a scroll labelled GIACUA FYIL
Things that are here:
a +0 club; a goblin corpse A hobgoblin comes into view.
The hobgoblin shouts!
You hear an angry hiss.
A hobgoblin is nearby!
A frilled lizard comes into view.
The hobgoblin hits you.
You barely miss the hobgoblin.
A frilled lizard comes into view.
The hobgoblin closely misses you.
You hit the hobgoblin.
The hobgoblin is heavily wounded.
The hobgoblin completely misses you.
You hit the hobgoblin but do no damage.
The hobgoblin is heavily wounded.
The hobgoblin closely misses you. The hobgoblin hits you.
You hit the hobgoblin.
The hobgoblin is almost dead.
The hobgoblin hits you but does no damage.
You sock the hobgoblin!
You kill the hobgoblin!
The frilled lizard bites you.
* * * LOW HITPOINT WARNING * * *
You are too injured to fight recklessly!
You are too injured to fight recklessly!
You miss the frilled lizard. The frilled lizard closely misses you.
You closely miss the frilled lizard. The frilled lizard barely misses you.
You closely miss the frilled lizard.
The frilled lizard bites you but does no damage.
You closely miss the frilled lizard. The frilled lizard misses you.
The frilled lizard closely misses you.
You hit the frilled lizard.
You kill the frilled lizard!
Your Maces & Flails skill increases to level 3!
You hit the frilled lizard.
You kill the frilled lizard!
HP restored.
You see here a hobgoblin corpse.
Found a stone staircase leading down.
A frilled lizard comes into view.
A frilled lizard is nearby!
The helpless frilled lizard fails to defend itself.
You hit the frilled lizard.
The frilled lizard is heavily wounded.
The frilled lizard closely misses you.
You sock the frilled lizard!
You kill the frilled lizard!
No target in view!
No target in view!
No target in view!
No target in view!
No target in view!
A hobgoblin comes into view.
A hobgoblin is nearby!
A hobgoblin is nearby!
The helpless hobgoblin fails to defend itself.
You thump the hobgoblin!
You kill the hobgoblin!
You have reached level 2!
Found a stone staircase leading down.
There is a stone staircase leading down here.
There is a fountain of sparkling water here.
A jackal comes into view.
The jackal barks!
You hear a bark! x2
A jackal is nearby!
The jackal closely misses you.
You sock the jackal!
You kill the jackal!
No target in view!
No target in view!
No target in view!
A jackal comes into view.
The jackal moves out of view.
A jackal comes into view. x2
The jackal moves out of view.
Found a sedimented dark potion.
There are monsters nearby!
The jackal completely misses you.
There is a fountain of clear blue water here.
You hit the jackal but do no damage.
The jackal bites you but does no damage.
You closely miss the jackal.
The jackal bites you but does no damage.
The jackal closely misses you. The jackal barely misses you.
You closely miss the jackal. The jackal closely misses you.
The jackal barely misses you. The jackal completely misses you.
The jackal closely misses you.
You thump the jackal!
You kill the jackal!
The jackal bites you but does no damage.
You hit the jackal.
The jackal is severely wounded.
The jackal bites you but does no damage.
The jackal closely misses you.
You closely miss the jackal.
The jackal is severely wounded.
The jackal misses you.
The jackal bites you but does no damage.
You barely miss the jackal.
The jackal is severely wounded.
The jackal barely misses you.
You miss the jackal.
The jackal is heavily wounded.
The jackal closely misses you. x2
You closely miss the jackal.
The jackal is heavily wounded.
The jackal misses you. The jackal bites you.
You hit the jackal.
You kill the jackal!
No target in view!
No target in view!
No target in view!
No target in view!
No target in view!
No target in view!
No target in view!
No target in view!
No target in view!
No target in view!
A jackal is nearby!
A jackal is nearby!
A jackal is nearby!
A jackal is nearby!
The jackal barks!
You see here a jackal corpse.
You sock the jackal!
You kill the jackal!
No target in view!
No target in view!
There is a fountain of clear blue water here.
You see here a jackal corpse.
g - a sedimented dark potion
There is a fountain of clear blue water here.
There is a fountain of clear blue water here.
There is a dry fountain here.
There is a fountain of clear blue water here.
You see here a jackal corpse.
Found 8 silver boomerangs.
Found a ring mail.
No target in view!
No target in view!
No target in view!
A rat comes into view.
A rat is nearby!
The helpless rat fails to defend itself.
You hit the rat.
You kill the rat!
No target in view!
No target in view!
You see here a rat corpse.
You now have 7 gold pieces.
h - a scroll labelled FEFABI RIUMEOD An ooze comes into view.
An ooze is nearby!
The helpless ooze fails to defend itself.
You thump the ooze!
You kill the ooze!
No target in view!
No target in view!
No target in view!
No target in view!
No target in view!
No target in view!
No target in view!
No target in view!
No target in view!
Done exploring.
Done exploring.
Done exploring.
Done exploring.
No target in view!
Search for what [? for help]? armor You see here a +0 ring mail.
i - a +0 ring mail You start removing your armour.
You continue taking off your +0 leather armour. x4
You finish taking off your +0 leather armour.
You start putting on your armour.
You continue putting on your +0 ring mail. x5
You finish putting on your +0 ring mail.
Drop what? 9/52 slots (_ for help) (? for menu, Esc to quit)
You drop a +0 leather armour.
(D) Dungeon
Where to? (Enter - D:1 @ (x,y), ? - help)
There is a stone staircase leading down here.
You climb downwards.
There is a stone staircase leading up here.
A giant cockroach comes into view.
A giant cockroach is nearby!
A giant cockroach is nearby!
The giant cockroach barely misses you.
You hit the giant cockroach.
You kill the giant cockroach!
No target in view!
No target in view!
You see here a giant cockroach corpse.
A kobold comes into view. It is wielding a +0 dagger.
The kobold shouts!
A kobold is nearby!
A kobold is nearby!
You barely miss the kobold. The kobold hits you with a +0 dagger.
You sock the kobold!
You kill the kobold!
No target in view!
No target in view!
No target in view!
No target in view!
No target in view!
HP restored.
Things that are here:
a +0 dagger; a kobold corpse
Found a leather armour.
b - 2 sapphire potions No target in view!
No target in view!
An ooze comes into view.
The ooze quivers.
An ooze is nearby!
An ooze is nearby!
You hit the ooze.
The ooze is heavily wounded.
The ooze freezes you.
You are frozen.
The ooze freezes you.
You are frozen.
You are too injured to fight recklessly!
You are too injured to fight recklessly!
You are too injured to fight recklessly!
You are too injured to fight recklessly!
You are too injured to fight recklessly!
An ooze is nearby!
You sock the ooze!
You kill the ooze!
A ball python comes into view.
A ball python is nearby!
A ball python is nearby!
The helpless ball python fails to defend itself.
You sock the ball python!
You kill the ball python!
You have reached level 3!
Your experience leads to an increase in your attributes!
Increase (S)trength, (I)ntelligence, or (D)exterity?
You feel stronger.
You enter the shallow water.
Moving in this stuff is going to be slow.
You enter the shallow water.
Moving in this stuff is going to be slow.
You enter the shallow water.
Moving in this stuff is going to be slow.
Found a faded altar of an unknown god.
You enter the shallow water.
Moving in this stuff is going to be slow.
You enter the shallow water.
Moving in this stuff is going to be slow.
An adder comes into view.
An adder is nearby!
You enter the shallow water.
Moving in this stuff is going to be slow.
The adder hisses angrily.
The adder misses you.
Your ring mail prevents you from hitting the adder.
The adder bites you.
You hit the adder but do no damage. The adder barely misses you.
The adder closely misses you.
You hit the adder but do no damage. The adder completely misses you.
The adder bites you but does no damage.
You hit the adder but do no damage. The adder bites you but does no damage.
You miss the adder. The adder bites you.
You are poisoned.
The adder poisons you! The adder barely misses you.
Throw: 3 throwing nets
Press: ? - help, Q - select action Shift-Dir - straight line, f - adder
Aim: an adder (44% to hit)
You throw a throwing net. The throwing net hits the adder.
The adder is caught in the net!
You hear a splash.
You feel sick.
The adder struggles against the net.
You sock the adder!
The adder is almost dead.
You feel sick.
The adder struggles against the net. x2
The net rips apart, and the adder comes free!
The adder barely misses you.
You barely miss the adder.
The adder is almost dead.
The adder bites you but does no damage.
You barely miss the adder.
The adder is almost dead.
You feel sick. The adder closely misses you. x2
You thump the adder!
You kill the adder!
You feel sick.
You feel sick.
You feel sick.
You feel sick.
You feel sick.
You are no longer poisoned.
You enter the shallow water.
Moving in this stuff is going to be slow.
You enter the shallow water.
Moving in this stuff is going to be slow.
You enter the shallow water.
Moving in this stuff is going to be slow.
You enter the shallow water.
Moving in this stuff is going to be slow.
You see here a +0 leather armour.
A quokka comes into view.
A quokka is nearby!
A quokka is nearby!
A quokka comes into view.
You closely miss the quokka.
The quokka bites you but does no damage.
You hit the quokka.
The quokka is severely wounded.
The quokka closely misses you. The quokka barely misses you.
The quokka bites you but does no damage.
You hit the quokka.
You kill the quokka!
The quokka barely misses you.
You miss the quokka. The quokka misses you.
The quokka bites you but does no damage.
You closely miss the quokka.
The quokka bites you but does no damage.
You miss the quokka.
The quokka bites you but does no damage.
The quokka misses you.
You hit the quokka but do no damage.
The quokka bites you but does no damage.
You closely miss the quokka. The quokka misses you. x2
A quokka is nearby!
A quokka is nearby!
A quokka is nearby!
You barely miss the quokka. The quokka misses you.
You hit the quokka.
The quokka is moderately wounded.
The quokka bites you but does no damage.
You sock the quokka!
You kill the quokka!
No target in view!
No target in view!
No target in view!
No target in view!
No target in view!
No target in view!
A frilled lizard comes into view.
A frilled lizard is nearby!
A frilled lizard is nearby!
The helpless frilled lizard fails to defend itself.
You hit the frilled lizard.
You kill the frilled lizard!
No target in view!
No target in view!
No target in view!
No target in view!
No target in view!
j - a bubbling ruby potion You now have 15 gold pieces (gained 8).
A bat and a quokka come into view.
Found 8 gold pieces.
You sock the quokka!
You kill the quokka!
The helpless bat fails to defend itself.
You thump the bat!
You kill the bat!
Your Maces & Flails skill increases to level 4!
No target in view!
No target in view!
No target in view!
No target in view!
No target in view!
No target in view!
No target in view!
No target in view!
No target in view!
You now have 23 gold pieces (gained 8).
k - an orange potion A dart slug comes into view.
A dart slug is nearby!
You see here 12 gold pieces.
You hit the dart slug.
The dart slug is severely wounded.
The dart slug misses you.
You hit the dart slug.
You kill the dart slug!
No target in view!
No target in view!
No target in view!
No target in view!
No target in view!
No target in view!
No target in view!
No target in view!
No target in view!
No target in view!
No target in view!
No target in view!
You now have 35 gold pieces (gained 12).
A dart slug comes into view.
Found a scroll labelled ZUCZYTRANI.
Found a snail-covered altar of Cheibriados.
Found a stone staircase leading down.
You see here 11 gold pieces.
A dart slug is nearby!
A dart slug is nearby!
A dart slug is nearby!
No reachable target in view!
The dart slug launches a dart at you. The slug dart misses you.
Found a stone staircase leading down.
You enter the shallow water.
Moving in this stuff is going to be slow.
The dart slug barely misses you.
You hit the dart slug.
The dart slug is moderately wounded.
The dart slug barely misses you.
You hit the dart slug.
The dart slug is heavily wounded.
The dart slug closely misses you.
You hit the dart slug.
The dart slug is severely wounded.
The dart slug barely misses you.
You hit the dart slug.
The dart slug is almost dead.
You hit the dart slug.
You kill the dart slug!
You see here a dart slug corpse.
l - a scroll labelled ZUCZYTRANI You enter the shallow water.
Moving in this stuff is going to be slow.
You see here a dart slug corpse.
You now have 46 gold pieces (gained 11).
You enter the shallow water.
Moving in this stuff is going to be slow.
Found a stone staircase leading down.
You now have 51 gold pieces (gained 5).
A bat comes into view.
The bat barely misses you.
A bat is nearby!
You closely miss the bat. The bat completely misses you.
The bat hits you but does no damage. The bat hits you but does no damage.
You hit the bat but do no damage. The bat hits you but does no damage.
The bat misses you.
You hit the bat.
The bat is moderately wounded.
The bat misses you. The bat hits you. The bat hits you but does no damage.
The bat hits you but does no damage.
You barely miss the bat.
The bat is moderately wounded.
The bat hits you but does no damage.
A bat is nearby!
A bat is nearby!
The bat closely misses you. The bat barely misses you.
You barely miss the bat.
The bat is moderately wounded.
The bat barely misses you. The bat misses you.
You hit the bat.
You kill the bat!
No target in view!
No target in view!
No target in view!
No target in view!
No target in view!
No target in view!
You see here a bat corpse.
There is a stone staircase leading down here.
Jessica the Apprentice Sorceress comes into view.
She is wielding a +0 club, wearing a +2 robe of willpower and carrying a wand of polymorph (11).
Jessica is nearby!
Jessica is nearby!
Jessica is nearby!
Found 17 stones.
A frilled lizard comes into view.
Jessica shouts!
Jessica casts a spell.
Jessica seems to speed up.
A rat comes into view.
Jessica zaps a wand.
You turn into a bat.
Your +0 flail melds into your body.
Your +0 helmet melds into your body.
Your +0 ring mail melds into your body.
Jessica gestures wildly while chanting.
Jessica blinks!
Jessica gestures wildly while chanting.
Jessica blinks!
You hit the frilled lizard but do no damage.
The frilled lizard closely misses you.
You hit the frilled lizard.
The frilled lizard is heavily wounded.
The frilled lizard misses you.
You hit the rat.
The rat is moderately wounded.
The rat misses you.
Jessica shouts, "You are a ghastly nuisance!"
You hit the rat.
The rat is severely wounded.
The rat barely misses you.
You hit the rat.
You kill the rat!
You hit Jessica but do no damage. Jessica barely misses you.
Jessica completely misses you.
You hit Jessica but do no damage. Jessica closely misses you.
You hit Jessica but do no damage. Jessica hits you with a +0 club. x2
You hit Jessica but do no damage.
Jessica zaps a wand.
You hit Jessica but do no damage. Jessica gestures at you while chanting.
Pain shoots through your body! Jessica misses you.
Jessica casts a spell.
Jessica blinks!
Jessica casts a spell at you. Pain shoots through your body!
Ouch! That really hurt!
You die...

#..#......## #.#.≈≈≈.#..#
#.#≈≈≈≈≈...## #.#≈≈.≈≈....#
###..≈≈†≈≈...##
#....#≈≈≈..#.#####
##....##_#..#...##.
####......###.####.... ##.
####..@.b......>..# ###..
...####..l.##......†..>.# #..
....#...#####...........#####.#
...r..### ##.........###.....
.....## ##...#....###.....
.....# #####..#............
.....# #.....##.......##.##
...(.# #....>##............
.....# #................†..


You could see Jessica (fast).

Vanquished Creatures
  An adder (D:2)
  2 dart slugs (D:2)
  A ball python (D:2)
  A giant cockroach (D:2)
  A goblin (D:1)
  2 hobgoblins (D:1)
  4 jackals (D:1)
  A kobold (D:2)
  2 oozes
  3 quokkas (D:2)
  3 bats
  4 frilled lizards
  2 rats
27 creatures vanquished.

Notes
Turn   | Place    | Note
-------+----------+-------------------------------------------
     0 | D:1      | sleeves the Kobold Gladiator began the quest for the Orb.
     0 | D:1      | Reached XP level 1. HP: 12/12 MP: 1/1
   111 | D:1      | HP: 6/12 [frilled lizard (3)]
   118 | D:1      | Reached skill level 3 in Maces & Flails
   277 | D:1      | Reached XP level 2. HP: 17/17 MP: 2/2
  1058 | D:2      | Reached XP level 3. HP: 21/21 MP: 3/3
  1102 | D:2      | Found a faded altar of an unknown god.
  1385 | D:2      | Reached skill level 4 in Maces & Flails
  1432 | D:2      | Found a snail-covered altar of Cheibriados.
  1528 | D:2      | Noticed Jessica
  1556 | D:2      | Killed from afar by Jessica

Illustrated notes

Levels and vault maps discovered:
D:1:      minmay_arrival_checkered_box, layout_rooms, grunt_decor_mini_mirrors,
          minmay_misc_feat_ornament
D:2:      layout_rooms, lemuel_coloured_pillars_altar, kennysheep_slug_shrine,
          chequers_ecumenical_altar_island, uniq_jessica

Skill      XL: |  1  2  3 |
---------------+----------+-----
Maces & Flails | 3 4 |  4.1
Fighting       | |  2.1
Throwing       | |  2.1
Dodging        | |  3.6

Action                   || total
-------------------------++-------
Melee: Flail             ||    72
       Unarmed           ||    10
Throw: Throwing net      ||     1
 Stab: Sleeping          ||     8
Armor: Leather armour    ||     7
       Ring mail         ||    16
Dodge: Dodged            ||    62

Table legend: (Time is in decaauts)
 A = Elapsed time spent in this place.
 B = Non-inter-level travel time spent in this place.
 C = Inter-level travel time spent in this place.
 D = Time resting spent in this place.
 E = Time spent auto-exploring this place.
 F = Levels seen in this place.
 G = Mean time per level.
                   A        B        C        D        E       F      G
               +--------+--------+--------+--------+--------+-----+--------+
         Total |   1575 |   1525 |     50 |      0 |   1307 |   2 |  787.5 |
       Dungeon |   1575 |   1525 |     50 |      0 |   1307 |   2 |  787.5 |
               +--------+--------+--------+--------+--------+-----+--------+

Top non-repeatable levels by time:
     D:1: 822 daAuts
     D:2: 752 daAuts
